 Dungeon Crawl Stone Soup version 0.32-a0-876-gcfddb08e57 (webtiles) character file.

Game seed: 5798150041499069317

1030702 GeoRichter the Cryomancer (level 27, -9/220 HPs)
             Began as a Djinni Fire Elementalist on Mar 30, 2024.
             Was the Champion of Cheibriados.
             Killed by dispel undead
             ... invoked by a Tzitzimitl
              (63 damage)
             ... on level 7 of Tartarus on Apr 1, 2024.
             The game lasted 03:08:23 (81816 turns).

GeoRichter the Cryomancer (DjFE)                   Turns: 81816, Time: 03:08:23

Health: -9/220     AC: 35    Str: 25    XL:     27
Gold:   10887      EV: 27    Int: 43    God:    Cheibriados [******] SH: 21 Dex: 32

rFire   + + +        Q - +18 lance "Wyrmbane" {slay drac, rPois rF+ rC+ AC+3}
rCold   + + +        Y - +2 kite shield {reflect}
rNeg    + + +        V - +7 ice dragon scales
rPois   ∞            p - +4 hat of the Skies Above {Harm Will+}
rElec   +            B - +2 cloak of Leapfrog {*Corrode rN+++ Regen+}
rCorr   +            x - +0 pair of gloves "Xant" {Fly rF+ Str+3}
SInv    +            (boots unavailable)
Will    ++...        T - amulet of Vitality {Regen++ RegenMP++}
Stlth   ++++++       f - ring "Huhohida" {^Contam rElec rPois Will+ rCorr}
HPRegen 2.96/turn    P - ring of see invisible
MPRegen 0.00/turn

%: corrode self (3%), harm (+30% outgoing, +20% incoming), reflection, infuse
magic (-10 HP)
@: death-form, doom-hounded, flying, studying 4 skills, weak-willed, very slow
A: vile attack, torment immunity, no potions, flying, sickness immunity, fire
resistance 3, cold vulnerability 1, float, innate caster, HP casting, extra
vitality 1, wild magic 1, inability to drink after injury 1
}: 12/15 runes: serpentine, barnacled, slimy, silver, obsidian, icy, abyssal,
demonic, glowing, magical, fiery, dark
a: Siphon Essence, Begin Untransformation, Renounce Religion, Bend Time,
Temporal Distortion, Slouch, Step From Time


You were on level 7 of Tartarus.
You worshipped Cheibriados.
Cheibriados was exalted by your worship.
You were an undying horror.
You visited 15 branches of the dungeon, and saw 76 of its levels.
You visited Pandemonium 1 time, and saw 12 of its levels.
You visited the Abyss 1 time.
You also visited: Ossuary, Gauntlet and Ice Cave.

You collected 18731 gold pieces.
You spent 7844 gold pieces at shops.

Inventory:

Hand Weapons
 Q - the +18 lance "Wyrmbane" (weapon) {slay drac, rPois rF+ rC+ AC+3}
   (You found it in a Gauntlet)

   AC+3:      It affects your AC (+3).
   rF+:       It protects you from fire.
   rC+:       It protects you from cold.
   rPois:     It protects you from poison.
Missiles
 v - 2 throwing nets {!f}
 L - 15 curare-tipped darts {!f}
Armour
 p - the +4 hat of the Skies Above (worn) {Harm Will+}
   (You found it on level 3 of the Elven Halls)

   Will+:     It increases your willpower.
   Harm:      It increases damage dealt and taken.
 x - the +0 pair of gloves "Xant" (worn) {Fly rF+ Str+3}
   (You bought it in a shop in Pandemonium)

   Str+3:     It affects your strength (+3).
   rF+:       It protects you from fire.
   Fly:       It grants you flight.
 B - the +2 cloak of Leapfrog (worn) {*Corrode rN+++ Regen+}
   (You found it on level 3 of the Elven Halls)

   rN+++:     It renders you almost immune to negative energy.
   Regen+:    It increases your rate of health regeneration.
   *Corrode:  It may corrode you when you take damage.
 N - a +2 pair of gloves of dexterity
   (You found it on level 1 of the Snake Pit)
 O - a +2 helmet of intelligence
   (You found it in a Gauntlet)
 R - a +1 tower shield of cold resistance
   (You took it off a vault warden on level 5 of the Vaults)
 V - +7 ice dragon scales (worn)
   (You found it on level 12 of the Dungeon)
 W - a +1 helmet of see invisible
   (You bought it in a shop on level 1 of the Elven Halls)
 Y - a +2 kite shield of reflection (worn)
   (You took it off a naga warrior on level 4 of the Snake Pit)
Jewellery
 f - the ring "Huhohida" (left hand) {^Contam rElec rPois Will+ rCorr}
   (You found it on level 4 of the Snake Pit)

   [ring of poison resistance]

   rElec:     It insulates you from electricity.
   rPois:     It protects you from poison.
   Will+:     It increases your willpower.
   ^Contam:   It causes magical contamination when unequipped.
   rCorr:     It protects you from acid and corrosion.
 g - the ring of Vanity {rF+ rCorr Int+6 Stlth+}
   (You found it on level 7 of Gehenna)

   [ring of intelligence]

   Int+6:     It affects your intelligence (+6).
   rF+:       It protects you from fire.
   rCorr:     It protects you from acid and corrosion.
   Stlth+:    It makes you more stealthy.
 P - a ring of see invisible (right hand)
   (You bought it in a shop on level 13 of the Dungeon)
 T - the amulet of Vitality (around neck) {Regen++ RegenMP++}
   (You found it on level 5 of the Pits of Slime)

   [amulet of nothing]

   Regen++:   It increases your rate of health regeneration.
   RegenMP++: It increases your rate of magic regeneration.
 X - the ring "Yfor" {rPois rC+ EV+5 Str+4}
   (You found it on level 3 of the Elven Halls)

   [ring of evasion]

   EV+5:      It affects your evasion (+5).
   Str+4:     It affects your strength (+4).
   rC+:       It protects you from cold.
   rPois:     It protects you from poison.
Talismans
 E - a talisman of death (active)
   (You found it in an ice cave)
Wands
 l - a wand of paralysis (85)
   (You took it off Ijyb on level 3 of the Dungeon)
 m - a wand of light (71)
   (You found it on level 4 of the Dungeon)
 o - a wand of mindburst (75)
   (You found it on level 4 of the Dungeon)
 C - a wand of flame (170)
   (You found it on level 7 of the Dungeon)
 I - a wand of iceblast (111)
   (You found it on level 9 of the Dungeon)
 J - a wand of digging (44)
   (You found it on level 9 of the Dungeon)
Scrolls
 b - 13 scrolls of teleportation {@r4}
 d - 5 scrolls of fog
 i - 16 scrolls of immolation {!r}
 k - 4 scrolls of torment {!r}
 q - 8 scrolls of blinking
 t - 11 scrolls of fear
 u - 14 scrolls of vulnerability {!r}
 y - 18 scrolls of poison
 D - 4 scrolls of brand weapon
 H - 11 scrolls of noise {!r}
 K - 2 scrolls of revelation
 M - 23 scrolls of enchant weapon
Potions
 a - 12 potions of might
 c - 4 potions of cancellation
 e - 42 potions of curing {@q1}
 h - 2 potions of ambrosia
 j - 14 potions of mutation {!q}
 n - a potion of heal wounds {@q2}
 r - 5 potions of invisibility
 w - 10 potions of lignification {!q}
 z - 7 potions of resistance
 A - 6 potions of brilliance
 F - 8 potions of attraction {!q}
 G - 2 potions of berserk rage
 U - 10 potions of enlightenment
Miscellaneous
 s - a phantom mirror
   (You found it on level 4 of the Shoals)
 S - a phial of floods
   (You found it on level 5 of the Lair of Beasts)
 Z - a condenser vane
   (You found it on level 4 of the Shoals)


   Skills:
 * Level 24.8 Fighting
 - Level 12.0 Polearms
 + Level 16.3 Armour
 + Level 17.0 Dodging
 - Level 16.2 Stealth
 - Level 20.3 Shields
 - Level 22.3 Spellcasting
 - Level 22.3 Conjurations
 - Level 22.3 Hexes
 - Level 22.3 Summonings
 - Level 22.3 Necromancy
 - Level 24.1 Translocations
 - Level 22.3 Fire Magic
 - Level 26.0 Ice Magic
 - Level 22.3 Air Magic
 - Level 22.3 Earth Magic
 - Level 22.3 Alchemy
 - Level 17.5 Invocations
 - Level 4.0 Evocations
 - Level 23.2 Shapeshifting


You knew the following spells:

 Your Spells              Type           Power      Damage    Failure   Level
a - Foxfire               Conj/Fire      100%       2x1d9     1%          1
b - Polar Vortex          Ice            75%        12d10*    4%          9
c - Ozocubu's Refrigerat  Ice            75%        4d24      1%          7
d - Inner Flame           Hex/Fire       100%       N/A       1%          3
e - Flame Wave            Conj/Fire      100%       2d21      1%          4
f - Freeze                Ice            100%       1d10      1%          1
g - Momentum Strike       Conj/Tloc      100%       3d10      1%          2
h - Ozocubu's Armour      Ice            100%       N/A       1%          3
i - Dazzling Flash        Conj/Hex       100%       N/A       1%          3
j - Airstrike             Air            71%        2d(11-27) 1%          4
k - Arcjolt               Conj/Air       71%        1d81      1%          5
l - Sculpt Simulacrum     Ice/Alch       73%        N/A       1%          6
m - Volatile Blastmotes   Fire/Tloc      100%       2d18      1%          3
n - Conjure Ball Lightni  Conj/Air       71%        3x3d26    1%          6
o - Discord               Hex            71%        N/A       1%          8
p - Maxwell's Capacitive  Air            71%        ∞         1%          8
q - Death's Door          Necr           71%        N/A       16%         9
r - Scorch                Fire           100%       2d9       1%          2
Your spell library was empty.

Dungeon Overview and Level Annotations

Branches:
Dungeon (15/15) Zot: 36648  Temple (0/1) D:5            Lair (5/5) D:8 Zot: 30769
 Shoals (4/4) Lair:2 Zot: 26305   Snake (4/4) Lair:3 Zot: 23514   Slime (5/5) Lair:5 Zot: 39503
    Orc (2/2) D:10 Zot: 14361     Elf (3/3) Orc:2 Zot: 21392  Vaults (5/5) D:14 Zot: 33552
  Crypt (3/3) Vaults:2 Zot: 21778    Tomb (0/3) Crypt:3      Depths (4/4) D:15 Zot: 27887
   Hell (visited)             Dis (0/7) Hell            Geh (7/7) Hell Zot: 40125
    Coc (7/7) Hell Zot: 40125     Tar (7/7) Hell Zot: 40125     Zot (5/5) Depths:4 Zot: 37236
Ossuary (visited)           IceCv (visited)         Gauntlet (visited)

Altars:
Cheibriados
Dithmenos
Nemelex Xobeh
Qazlal
Trog
Uskayaw
Xom
Yredelemnul
Zin
The Shining One
Jiyva

Shops:
D:10 *   D:13 =   Orc:2 *![=?   Elf:1 [   Elf:3 *   Shoals:3 :[?*!   Snake:1 (
Snake:2 :   Snake:3 *!   Vaults:1 :   Vaults:3 (   Vaults:5 :   Depths:1 *

Portals:
Hell: Depths:1 Depths:2 Depths:3 Depths:4
Abyss: Depths:1 Depths:3 Depths:4
Pandemonium: Depths:1 Depths:2 Depths:3
Ziggurat: Depths:3
Trove: Depths:1 (give +2 gold dragon scales)

Annotations:
D:7 exclusion: statue
D:14 2 runed translucent doors, G0Dl1kE's ghost, journeyman SpEn
Snake:4 whodunnit's ghost, adept MDMo
Elf:1 1 runed translucent door
Elf:2 3 runed translucent doors, Livuena's ghost, journeyman HOFi
Elf:3 1 runed translucent door, Ajyf's ghost, adept DgEE
Vaults:2 2 transporters, Faydane's ghost, veteran HuFi
Vaults:3 Kenran's ghost, adept MiAl; Nornya's ghost, veteran MfSu
Zot:3 2 transporters, exclusion: orange crystal statue, Visuc's ghost, master GrBe
Zot:5 1 exclusion


Innate Abilities, Weirdness & Mutations

You are an undying horror.
Your melee and unarmed attacks drain, slow and weaken victims.
You are immune to unholy pain and torment.
You cannot drink.
You are flying.
You are immune to sickness and miasma.
You are immune to poison.
Your flesh is almost immune to the effects of heat. (rF+++)
You are vulnerable to cold. (rC-)
You float through the air rather than walking.
You learn spells naturally, not from books.
Your magical power is your life essence.
You have superior vitality. (+4 MHP)
Your spells are a little harder to cast, but a little more powerful.
You occasionally lose the ability to drink potions when taking damage.


Message History

The tainted leviathan is heavily damaged.
The Tzitzimitl resists.
The Tzitzimitl is heavily wounded.
* * * LOW HITPOINT WARNING * * *
The Tzitzimitl gestures at you.
You convulse!
* * * LOW HITPOINT WARNING * * *
A Tzitzimitl comes into view.
The winds around you start to calm down.
You hear a roar!
You hear a shout!
The Tzitzimitl is no longer moving slowly.
The Tzitzimitl is no longer weakened.
You block the Tzitzimitl's attack.
The Tzitzimitl bites you but does no damage.
The tainted leviathan attempts to bespell you!
You resist with some effort.
A tormentor comes into view.
Casting: Ozocubu's Refrigeration (mildly dangerous; 1% risk of failure)
Confirm with . or Enter, or press ? or * to list all spells.
Electricity surges outward!
The Tzitzimitl resists.
The Tzitzimitl is struck by an electric surge!!
You kill the Tzitzimitl!
Cheibriados appreciates the change of pace.
The tainted leviathan is struck by an electric surge!!!
You destroy the tainted leviathan!
Cheibriados appreciates the change of pace.
The Tzitzimitl resists.
The Tzitzimitl is struck by an electric surge!!
The Tzitzimitl is almost dead.
* * * LOW HITPOINT WARNING * * *
Casting: Arcjolt (safe; 1% risk of failure)
Confirm with . or Enter, or press ? or * to list all spells.
Electricity surges outward!
The Tzitzimitl resists.
The Tzitzimitl is struck by an electric surge!
You kill the Tzitzimitl!
Cheibriados appreciates the change of pace.
The tormentor is struck by an electric surge!
The tormentor is heavily wounded.
* * * LOW HITPOINT WARNING * * *
The winds around you calm down.
Casting: Arcjolt (safe; 1% risk of failure)
Confirm with . or Enter, or press ? or * to list all spells.
Electricity surges outward!
The tormentor is struck by an electric surge!!!
You kill the tormentor!
Cheibriados appreciates the change of pace.
* * * LOW HITPOINT WARNING * * *
The Tzitzimitl gestures at you.
You convulse!
You die...
Cheibriados appreciates the motionlessness of death.

#...##.#,*********,*,**
#...##.#,,,* *,,,*,**
#...##.#,*** ***,*,**
#...##.#,*********,*,**
#...##.#,**,,,,,**,*,**
#...##.#,**,,,,,**,*,**
#...##.#+*********+*,**
#...##D#,*********,*,**
#...##z#,,,,,,,,,,,*,**
#...##'#************+**
#^..##(.#* **,,**
#...###.1#** ***,,***
#...##*...°*****,,,,***
#....#*#...$,,,,,,,***,
#....##*$$$$$$,,,,,***,
#.....#*#$$$$$,,,,***,,
#.....##*#$$$$,,,****,,


You could see a bone dragon and a Tzitzimitl.

Vanquished Creatures
  Cerebov (Pan)
  Antaeus (Coc:7)
  the Royal Jelly (Slime:5)
  Asmodeus (Geh:7)
  Mnoleg (Pan)
  Ignacio (Pan)
  Gloorx Vloq (Pan)
  Lom Lobon (Pan)
  2 pandemonium lords (Pan)
  8 dread liches
  The ghost of Kyph the Conqueror, a legendary MiBe of Trog (Zot:4)
  2 ancient liches
  2 orbs of fire
  Mennas (Pan)
  The ghost of Jetoguma the Executioner, a legendary HuBe of Trog (Zot:4)
  Xtahua (Crypt:1)
  Josephina (Zot:1)
  4 shard shrikes (Coc:7)
  Saint Roka (Depths:2)
  Vv (Depths:3)
  3 curse toes
  3 Killer Klowns
  Geryon (Hell)
  Norris (Vaults:2)
  6 golden dragons
  Nikola (Snake:2)
  7 profane servitors
  8 bone dragons
  12 Brimstone Fiends
  An electric golem (Zot:4)
  10 Tzitzimimeh
  4 doom hounds
  6 hellephants
  A shard shrike skeleton (Crypt:2)
  4 Hell Sentinels
  22 Ice Fiends
  24 tentacled monstrosities
  18 tainted leviathans
  Jorgrun (Shoals:1)
  8 Orb Guardians (Zot:5)
  A spectral shard shrike (Tar:5)
  14 titans
  Asterion (Snake:3)
  7 liches
  A deep elf blademaster (Elf:3)
  2 deep elf master archers (Elf:3)
  16 acid blobs
  7 sphinxes
  3 krakens
  7 quicksilver dragons
  17 searing wretches
  Gastronok (D:11)
  26 Executioners (Pan)
  2 tentacled starspawn (Abyss:3)
  3 ancient champions
  3 tengu reavers
  2 death cobs
  Aizul (Shoals:3)
  10 storm dragons
  11 draconian monks
  Donald (Shoals:3)
  2 revenants (Crypt:3)
  5 azure jellies
  10 protean progenitors
  5 shadow dragons
  3 nagarajas
  17 fire giants
  11 rockslimes (Slime:5)
  6 demonspawn warmongers (Pan)
  6 narguns
  Ilsuiw (Shoals:3)
  2 spectral juggernauts
  2 draconian knights (Zot:2)
  8 deep elf sorcerers
  15 vault wardens
  14 frost giants
  31 balrugs
  6 iron dragons
  5 deep elf elementalists (Elf:3)
  4 spectral caustic shrikes
  4 shard shrike simulacra
  4 curse skulls
  4 draconian shifters
  7 draconian scorchers
  8 draconian stormcallers
  11 ghost moths
  A draconian annihilator (Pan)
  9 very ugly things
  6 demonspawn corrupters (Pan)
  4 angels (Zot:4)
  8 quicksilver oozes
  7 formless jellyfish
  8 caustic shrike skeletons
  An orc warlord (Vaults:3)
  17 reapers
  2 spriggan defenders
  17 ironbound preservers
  A demonspawn blood saint (Pan)
  17 stone giants
  10 demonspawn black suns (Pan)
  25 cacodemons
  4 juggernaut skeletons (Pan)
  28 elemental wellsprings
  10 deep elf death magi
  6 green draconians
  8 putrid mouths
  10 deep elf annihilators
  2 vampire knights
  9 black draconians
  8 deep elf demonologists
  5 purple draconians
  8 ironbound thunderhulks
  2 eleionomae (Shoals:1)
  5 lorocyprocas
  A minotaur (Gauntlet)
  11 wendigos
  13 red draconians
  7 white draconians
  13 dire elephants
  7 war gargoyles
  13 yellow draconians
  A spectral titan (Tar:1)
  2 spark wasps (Depths:3)
  10 eidola
  13 merfolk javelineers
  12 ettins
  3 spectral quicksilver dragons (Tar:5)
  12 green deaths
  15 blizzard demons
  6 fire dragons
  16 merfolk impalers
  5 jiangshi
  6 deep elf high priests
  2 spectral spriggans
  An entropy weaver (Vaults:4)
  Fannar (Lair:2)
  3 ice dragons
  15 great orbs of eyes
  6 rakshasas
  43 vault guards
  11 yaktaur captains
  2 hell beasts (Pan)
  5 hydras
  10 caustic shrike simulacra
  A peacekeeper (Vaults:2)
  3 alligator snapping turtles
  10 salamander tyrants
  Erolcha (Orc:2)
  3 jorogumos (Pan)
  3 ghost crabs (Crypt:3)
  12 anacondas
  A catoblepas (Lair:5)
  10 ironbound frosthearts
  A spriggan air mage (Depths:4)
  4 juggernaut simulacra
  2 fenstrider witch skeletons
  9 stokers
  8 merfolk aquamancers
  3 ogre magi
  2 death knights
  30 dancing weapons
  12 deep troll shamans
  3 merfolk avatars
  A spectral stone giant (Tar:4)
  A sphinx zombie (Crypt:1)
  A two-headed ogre (shapeshifter) (Vaults:5)
  4 centaur warriors
  2 spriggan skeletons (Hell)
  5 two-headed ogres
  7 satyrs
  7 death yaks
  8 deep troll earth magi
  2 tengu warriors
  5 boulder beetles
  A sphinx skeleton (Vaults:1)
  31 hell hogs
  A demonic crawler (Pan)
  10 naga sharpshooters
  2 occultists
  9 orc high priests
  4 spriggan berserkers
  2 shock serpents (shapeshifter)
  A vampire mage (Depths:4)
  14 shock serpents
  16 deep elf knights
  6 hell knights
  45 sun demons
  16 naga warriors
  7 skysharks
  4 hellephant skeletons (Pan)
  35 soul eaters
  3 spriggans (Depths:3)
  13 skeletal warriors
  67 deep trolls
  A fire crab (shapeshifter) (Vaults:5)
  6 salamander mystics
  18 sea snakes
  19 shadow wraiths
  25 sixfirhies
  A spectral hydra (Tar:5)
  A fire crab (Gauntlet)
  5 iron trolls
  A mana viper (shapeshifter) (Depths:1)
  3 spectral anacondas
  A death drake (shapeshifter) (Vaults:1)
  A kraken simulacrum (Shoals:4)
  6 mana vipers
  An anaconda zombie (Hell)
  4 quicksilver dragon simulacra
  An orb spider (shapeshifter) (Vaults:1)
  4 sun moths (Pan)
  16 flayed ghosts
  4 spriggan simulacra
  6 arcanists
  A goliath frog (Zot:1)
  11 deep elf archers
  A glowing orange brain (Slime:5)
  A lindwurm (shapeshifter) (Vaults:5)
  3 shadow demons (Pan)
  A spectral iron dragon (Tar:5)
  A glowing orange brain (shapeshifter) (Vaults:5)
  8 naga ritualists
  11 harpies
  10 lindwurms
  A sea snake (shapeshifter) (Vaults:5)
  An anaconda skeleton (Hell)
  18 phantasmal warriors
  An obsidian bat (Orc:1)
  5 orc sorcerers
  A harpy (shapeshifter) (D:8)
  9 orc knights
  16 ironbound convokers
  25 deep elf zephyrmancers
  2 thermic dynamos (Elf:2)
  A wolf spider zombie (Crypt:1)
  19 deep elf pyromancers
  8 necromancers
  2 shining eyes (shapeshifter)
  39 ugly things
  An oklob plant (Lair:2)
  A stone giant zombie (Hell)
  6 cyclopes
  A shining eye (Slime:5)
  12 manticores
  A faun (shapeshifter) (Vaults:1)
  38 fauns
  2 fire giant skeletons
  19 large abominations (Pan)
  A spectral ettin (Tar:4)
  20 salamanders
  8 human skeletons
  A meliai (shapeshifter) (Depths:3)
  2 stone giant skeletons (Vaults:2)
  A moth of wrath (shapeshifter) (Depths:4)
  9 rust devils
  18 moths of wrath
  7 elephants
  A frost giant skeleton (Vaults:2)
  8 guardian serpents
  5 ice statues
  12 merfolk sirens
  A human zombie (Hell)
  44 black mambas
  A dire elephant zombie (Hell)
  6 kobold blastminers
  18 smoke demons
  A black mamba (shapeshifter) (Elf:1)
  11 orange demons
  A naga skeleton (Crypt:3)
  22 vault sentinels
  6 molten gargoyles (Geh:7)
  6 eyes of devastation
  3 water nymphs
  14 naga magi
  A dire elephant skeleton (Crypt:3)
  5 gargoyles
  3 torpor snails
  2 centaur skeletons (D:15)
  4 titan simulacra
  Jeremiah (D:8)
  2 unseen horrors
  A shock serpent skeleton (Crypt:2)
  4 kobold demonologists
  16 komodo dragons
  A yellow draconian zombie (Crypt:1)
  8 cane toads
  22 yaktaurs
  16 hellions
  8 freezing wraiths
  A yaktaur (shapeshifter) (Elf:1)
  4 efreet
  A redback zombie (D:15)
  2 rime drakes (Lair:5)
  17 tormentors
  A rime drake (shapeshifter) (Vaults:5)
  A black draconian skeleton (Crypt:2)
  8 ice devils (Hell)
  3 iron giant simulacra
  4 guardian mummies (Crypt:3)
  An elf skeleton (Vaults:2)
  10 anaconda simulacra
  2 hydra zombies (Hell)
  A grey draconian skeleton (Crypt:1)
  A sea snake skeleton (Hell)
  2 spectral harpies
  5 tengu conjurers
  A yaktaur skeleton (Vaults:2)
  A silent spectre (Abyss:3)
  11 hellwings (Pan)
  30 merfolk
  5 red devils
  2 hydra skeletons
  A harpy zombie (Hell)
  A shadow dragon simulacrum (Zot:1)
  An iron troll skeleton (Crypt:3)
  5 trolls
  A spectral guardian serpent (Snake:4)
  5 hornets
  14 polar bears
  3 wind drakes
  A tengu simulacrum (Vaults:1)
  2 tyrant leeches (Zot:4)
  Prince Ribbit (D:5)
  An alligator simulacrum (Hell)
  Grinder (D:3)
  3 spectral nagas (Snake:4)
  5 raiju
  8 snapping turtles
  6 glass eyes
  2 stone giant simulacra
  8 dream sheep
  19 blink frogs
  5 iron dragon simulacra
  A jumping spider zombie (Crypt:1)
  2 draconian simulacra (Zot:1)
  A slime creature (shapeshifter) (Vaults:1)
  2 black mamba zombies (Hell)
  68 slime creatures
  2 vampires
  An ettin skeleton (Abyss:3)
  10 ynoxinuls
  4 fire dragon skeletons (Crypt:3)
  6 wraiths
  4 dire elephant simulacra
  2 wyverns
  A shock serpent simulacrum (Snake:4)
  An air elemental (Elf:2)
  11 shadows
  A deep troll skeleton (Vaults:2)
  4 humans (Pan)
  18 water elementals
  61 yaks
  5 fire elementals
  8 wargs
  5 fire bats (Gauntlet)
  17 golden eyes
  7 basilisks
  An alligator snapping turtle simulacrum (Coc:3)
  2 death yak simulacra (D:13)
  Eustachio (D:6)
  10 vampire mosquitoes
  12 chaos spawn
  A redback (Vaults:4)
  23 neqoxecs (Pan)
  39 nagas
  15 harpy simulacra
  A swamp worm (shapeshifter) (Vaults:5)
  2 acid dragons
  3 hydra simulacra
  A glowing shapeshifter skeleton (Vaults:1)
  16 hell hounds
  A merfolk skeleton (Crypt:2)
  25 water moccasins
  A moth of wrath simulacrum (Zot:1)
  7 orc warriors
  An ogre skeleton (Vaults:2)
  15 black bears
  3 ettin simulacra
  A lindwurm zombie (Crypt:2)
  8 ice beasts
  26 laughing skulls
  2 sky beasts
  2 black mamba simulacra (Snake:4)
  19 wolves
  13 boggarts
  8 centaurs
  4 ogres
  A phantom (D:7)
  7 kobold brigands
  3 gnoll sergeants
  18 bullfrogs
  2 earth elementals
  2 scorpions
  2 two-headed ogre simulacra (D:13)
  A cane toad simulacrum (IceCv)
  14 wights
  2 elephant simulacra (IceCv)
  7 howler monkeys
  3 electric eels
  2 bullfrog zombies (Ossuary)
  A bombardier beetle (D:3)
  2 hounds
  16 orc priests
  A jelly (D:7)
  7 iron imps (Geh:1)
  A sleepcap (D:3)
  Ijyb (D:3)
  2 iguanas
  16 orc wizards
  6 hell rats
  3 polar bear simulacra
  A boggart zombie (D:15)
  A troll simulacrum (D:13)
  A wolf simulacrum (IceCv)
  4 crocodile zombies (Ossuary)
  A sky beast zombie (Crypt:1)
  2 hound zombies (Ossuary)
  3 howler monkey zombies (Ossuary)
  15 mummies
  Robin (D:2)
  14 gnolls
  3 naga simulacra
  10 adders
  4 ufetubi
  6 dart slugs
  50 orcs
  12 bats
  9 endoplasms
  2 giant cockroaches
  A gnoll zombie (D:7)
  11 hobgoblins
  10 jackals (D:1)
  25 kobolds
  3 training dummies (Snake:1)
  10 ball pythons
  3 ball python zombies (Ossuary)
  5 frilled lizards
  14 goblins
  5 rats
  11 aspiring fleshes
  5 creeping infernos
  24 fire vortices
  2 starspawn tentacles (Abyss:3)
  8 tentacles
3282 creatures vanquished.

Vanquished Creatures (collateral kills)
  Vashnia (Snake:2)
  A rakshasa (D:15)
  A deep elf pyromancer (D:15)
  A deep elf zephyrmancer (D:15)
  7 ugly things
  A centaur skeleton (D:15)
  A tengu conjurer (D:15)
  A naga (Snake:2)
  2 laughing skulls (Pan)
  A kobold (D:14)
  A foxfire (D:3)
18 creatures vanquished.

Vanquished Creatures (others)
  5 eldritch tentacles (Pan)
  A balrug (Geh:5)
  A frost giant (Coc:4)
  3 shard shrike simulacra
  A demonspawn black sun (Pan)
  A green death (Pan)
  A jiangshi (Depths:4)
  2 juggernaut simulacra
  A caustic shrike simulacrum (Coc:7)
  A boulder beetle (Pan)
  A merfolk aquamancer (Shoals:2)
  A deep elf zephyrmancer (Elf:1)
  A black mamba (Snake:2)
  An orange demon (Pan)
  An anaconda simulacrum (Coc:3)
  An iron dragon simulacrum (Coc:7)
  2 harpy simulacra
  A naga (Snake:2)
  An ettin simulacrum (Coc:6)
  18 ball lightnings
  178 foxfires
  4 starspawn tentacles (Abyss:3)
  16 tentacles
243 creatures vanquished.

Grand Total: 3543 creatures vanquished

Notes
Turn   | Place    | Note
-------+----------+-------------------------------------------
     0 | D:1      | GeoRichter the Djinni Fire Elementalist began the quest for
                  | the Orb.
     0 | D:1      | GeoRichter set off with the following spells memorised:
                  | Foxfire, Scorch, Volatile Blastmotes, Inner Flame, Flame
                  | Wave.
     0 | D:1      | Reached XP level 1. HP: 15/15 MP: 0/0
    79 | D:1      | Reached XP level 2. HP: 20/21 MP: 0/0
   441 | D:1      | Reached XP level 3. HP: 20/25 MP: 0/0
   441 | D:1      | Learned a level 1 spell: Freeze
   803 | D:1      | Reached skill level 4 in Ice Magic
  1301 | D:2      | Reached XP level 4. HP: 27/31 MP: 0/0
  1521 | D:2      | Noticed Robin
  1541 | D:2      | Reached skill level 1 in Fighting
  1787 | D:2      | Killed Robin
  1788 | D:2      | Reached XP level 5. HP: 24/37 MP: 0/0
  1788 | D:2      | Learned a level 2 spell: Momentum Strike
  2603 | D:3      | Found a snail-covered altar of Cheibriados.
  2652 | D:3      | Became a worshipper of Cheibriados the Contemplative
  2765 | D:3      | Reached skill level 5 in Spellcasting
  2765 | D:3      | Reached skill level 5 in Conjurations
  2765 | D:3      | Reached skill level 5 in Hexes
  2765 | D:3      | Reached skill level 5 in Summonings
  2765 | D:3      | Reached skill level 5 in Necromancy
  2765 | D:3      | Reached skill level 5 in Translocations
  2765 | D:3      | Reached skill level 5 in Fire Magic
  2765 | D:3      | Reached skill level 5 in Ice Magic
  2765 | D:3      | Reached skill level 5 in Air Magic
  2765 | D:3      | Reached skill level 5 in Earth Magic
  2765 | D:3      | Reached skill level 5 in Alchemy
  2765 | D:3      | Reached XP level 6. HP: 37/43 MP: 0/0
  2835 | D:3      | Noticed Ijyb
  2838 | D:3      | Paralysed by Ijyb for 2 turns
  2841 | D:3      | Killed Ijyb
  3247 | D:3      | Noticed Grinder
  3256 | D:3      | Killed Grinder
  3257 | D:3      | Reached XP level 7. HP: 50/50 MP: 0/0
  3257 | D:3      | Learned a level 3 spell: Ozocubu's Armour
  3564 | D:4      | Reached * piety under Cheibriados
  3565 | D:4      | Reached skill level 6 in Ice Magic
  3991 | D:4      | Found a shadowy altar of Dithmenos.
  4104 | D:5      | Entered Level 5 of the Dungeon
  4221 | D:5      | Found a staircase to the Ecumenical Temple.
  4227 | D:5      | Reached XP level 8. HP: 51/58 MP: 0/0
  4457 | D:5      | Reached skill level 7 in Ice Magic
  4457 | D:5      | Noticed Prince Ribbit
  4458 | D:5      | Reached ** piety under Cheibriados
  4462 | D:5      | Killed Prince Ribbit
  4530 | D:5      | Found a sparkling altar of Nemelex Xobeh.
  4627 | D:5      | Reached skill level 8 in Ice Magic
  4627 | D:5      | Reached XP level 9. HP: 57/62 MP: 0/0
  4627 | D:5      | Learned a level 3 spell: Dazzling Flash
  5190 | D:6      | Noticed Eustachio
  5221 | D:6      | Killed Eustachio
  5222 | D:6      | Reached skill level 9 in Ice Magic
  5477 | D:6      | Reached skill level 1 in Evocations
  6170 | D:7      | Reached skill level 5 in Fighting
  6239 | D:7      | Found a sand-covered staircase.
  6255 | Ossuary  | Entered an ossuary
  6270 | Ossuary  | Reached *** piety under Cheibriados
  6865 | D:7      | Reached skill level 1 in Invocations
  6882 | D:7      | Reached XP level 10. HP: 70/70 MP: 0/0
  7722 | D:8      | Noticed a komodo dragon
  7734 | D:7      | Reached **** piety under Cheibriados
  7735 | D:7      | Reached skill level 5 in Invocations
  7903 | D:8      | HP: 1/73 [komodo dragon (15)]
  7906 | D:8      | Killed a komodo dragon
  8108 | D:8      | Identified the +5 long sword of Noon {spect, Str+3 Dex+2}
  8172 | D:8      | Found a basalt altar of Yredelemnul.
  8322 | D:8      | Found a staircase to the Lair.
  8322 | D:8      | Noticed an elephant
  8343 | D:8      | Killed an elephant
  8713 | D:8      | Noticed a harpy
  8719 | D:8      | Killed a harpy
  8722 | D:8      | Noticed Jeremiah
  8763 | D:8      | Killed Jeremiah
  8764 | D:8      | Reached XP level 11. HP: 57/80 MP: 0/0
  8764 | D:8      | Learned a level 4 spell: Airstrike
  9051 | D:8      | Reached ***** piety under Cheibriados
 10253 | D:9      | Found a stormy altar of Qazlal.
 10257 | D:9      | Found a hide-covered altar of Uskayaw.
 10262 | D:9      | Found a bloodstained altar of Trog.
 10611 | D:10     | Entered Level 10 of the Dungeon
 10896 | D:10     | Noticed a soul eater
 11141 | D:10     | Found Gius's Assorted Antiques.
 11377 | D:10     | Reached skill level 10 in Invocations
 11504 | D:10     | Found a staircase to the Orcish Mines.
 11813 | Lair:1   | Entered Level 1 of the Lair of Beasts
 11816 | Lair:1   | Reached skill level 1 in Shields
 12169 | Lair:1   | Reached XP level 12. HP: 84/90 MP: 0/0
 12376 | Lair:1   | Reached skill level 5 in Shields
 12397 | Lair:1   | Reached ****** piety under Cheibriados
 12638 | Lair:1   | Reached skill level 10 in Fighting
 13205 | Lair:1   | Reached skill level 1 in Armour
 13558 | Lair:2   | Noticed Fannar
 13731 | Lair:2   | Noticed a six-headed hydra
 13735 | Lair:2   | Killed a six-headed hydra
 14105 | Lair:2   | Killed Fannar
 14388 | Lair:2   | Reached XP level 13. HP: 84/99 MP: 0/0
 14388 | Lair:2   | Learned a level 5 spell: Arcjolt
 14924 | Lair:2   | Found a staircase to the Shoals.
 15071 | Lair:3   | Reached skill level 5 in Armour
 15229 | Lair:3   | Reached skill level 10 in Spellcasting
 15229 | Lair:3   | Reached skill level 10 in Conjurations
 15229 | Lair:3   | Reached skill level 10 in Hexes
 15229 | Lair:3   | Reached skill level 10 in Summonings
 15229 | Lair:3   | Reached skill level 10 in Necromancy
 15229 | Lair:3   | Reached skill level 10 in Translocations
 15229 | Lair:3   | Reached skill level 10 in Fire Magic
 15229 | Lair:3   | Reached skill level 10 in Ice Magic
 15229 | Lair:3   | Reached skill level 10 in Air Magic
 15229 | Lair:3   | Reached skill level 10 in Earth Magic
 15229 | Lair:3   | Reached skill level 10 in Alchemy
 15691 | Lair:3   | Found a staircase to the Snake Pit.
 16600 | Lair:4   | Reached skill level 11 in Ice Magic
 17039 | Lair:4   | Reached XP level 14. HP: 93/108 MP: 0/0
 17857 | Lair:5   | Entered Level 5 of the Lair of Beasts
 17857 | Lair:5   | Found a gate leading to a gauntlet.
 18039 | Lair:5   | Found a staircase to the Slime Pits.
 18046 | Gauntlet | Entered a Gauntlet
 18046 | Gauntlet | Found a transporter.
 18125 | Gauntlet | Found a transporter.
 18130 | Gauntlet | Found a transporter.
 18134 | Gauntlet | Found a runed translucent door.
 18136 | Gauntlet | Found a runed translucent door.
 18138 | Gauntlet | Found a transporter.
 18142 | Gauntlet | Found a transporter.
 18153 | Gauntlet | Found a transporter.
 18154 | Gauntlet | Found a transporter.
 18155 | Gauntlet | Noticed a quicksilver ooze
 18162 | Gauntlet | Found a transporter.
 18166 | Gauntlet | Found a transporter.
 18174 | Gauntlet | Found a transporter.
 18205 | Gauntlet | Found a transporter.
 18217 | Gauntlet | Found a transporter.
 18230 | Gauntlet | Found a transporter.
 18243 | Gauntlet | Found a transporter.
 18390 | Gauntlet | Identified the +1 helmet "Uqo Pugg" {Harm Rampage SInv}
 18399 | Gauntlet | Reached skill level 12 in Ice Magic
 18553 | Gauntlet | Found the +8 lance "Wyrmbane" {slay drac, rPois rF+ rC+
                  | AC+3}
 18553 | Gauntlet | Identified the +2 battleaxe "Itoow" {freeze, rF+ Int-2
                  | SInv}
 18553 | Gauntlet | Noticed a minotaur
 18557 | Gauntlet | Killed a minotaur
 18563 | Gauntlet | Identified the +2 leather armour of Zosoim {rN+ Dex+2
                  | Stlth+}
 18601 | Lair:5   | Reached skill level 1 in Polearms
 19726 | Lair:5   | Reached skill level 5 in Polearms
 20070 | Lair:5   | Reached XP level 15. HP: 76/114 MP: 0/0
 20070 | Lair:5   | Learned a level 6 spell: Sculpt Simulacrum
 21008 | Lair:5   | Identified the serpent talisman of Somewhere Else {rC-
                  | Str+9}
 21916 | Orc:1    | Entered Level 1 of the Orcish Mines
 22470 | Orc:2    | Entered Level 2 of the Orcish Mines
 22719 | Orc:2    | Found Fyrinir's Magic Scroll Shoppe.
 22722 | Orc:2    | Bought a scroll of blinking for 112 gold pieces
 22767 | Orc:2    | Noticed Erolcha
 22770 | Orc:2    | Killed Erolcha
 23583 | Orc:2    | Reached skill level 10 in Polearms
 23753 | Orc:2    | Found a staircase to the Elven Halls.
 23954 | Orc:2    | Found Jafufeum's Jewellery Shoppe.
 23958 | Orc:2    | Found Xelav's Antique Armour Boutique.
 23967 | Orc:2    | Bought a distressingly furry ring mail for 324 gold pieces
 23967 | Orc:2    | Identified the +0 ring mail of Ciqobbuy {Rampage +Blink
                  | +Inv Dex-3} (You bought it in a shop on level 2 of the
                  | Orcish Mines)
 23968 | Orc:2    | Found Kabaots's Distillery.
 23970 | Orc:2    | Found Odwef's Assorted Antiques.
 23976 | Orc:2    | Bought a potion of curing for 36 gold pieces
 23976 | Orc:2    | Bought a potion of heal wounds for 60 gold pieces
 23976 | Orc:2    | Bought a potion of heal wounds for 60 gold pieces
 23976 | Orc:2    | Bought a potion of curing for 36 gold pieces
 23976 | Orc:2    | Bought a potion of cancellation for 96 gold pieces
 23976 | Orc:2    | Bought a potion of brilliance for 48 gold pieces
 23976 | Orc:2    | Bought a potion of brilliance for 48 gold pieces
 23979 | Orc:2    | Bought a potion of heal wounds for 165 gold pieces
 23979 | Orc:2    | Bought a potion of curing for 99 gold pieces
 23979 | Orc:2    | Bought a spiked ring mail for 297 gold pieces
 23979 | Orc:2    | Identified the +3 ring mail of the Orcish Mines {rCorr}
                  | (You bought it in a shop on level 2 of the Orcish Mines)
 24685 | D:11     | Found a glowing golden altar of the Shining One.
 24795 | D:11     | Noticed Gastronok
 24803 | D:11     | Killed Gastronok
 26419 | D:13     | Found a frozen archway.
 26426 | D:13     | Reached XP level 16. HP: 111/121 MP: 0/0
 26599 | IceCv    | Entered an ice cave
 26768 | IceCv    | Identified the +10 long sword of the Reaper {freeze, rElec
                  | rF+ Will+ SInv}
 27736 | D:13     | Found Hirehoamp's Jewellery Shoppe.
 27779 | D:13     | Bought a ring of see invisible for 165 gold pieces
 28594 | D:14     | Found a gate to the Vaults.
 29097 | D:14     | Found a runed translucent door.
 29098 | D:14     | Noticed a lich
 29099 | D:14     | Found a runed translucent door.
 29099 | D:14     | Noticed G0Dl1kE's ghost (journeyman SpEn)
 29099 | D:14     | Identified the +2 dagger of a ziggurat {venom, Will++
                  | Int+2}
 29328 | D:15     | Entered Level 15 of the Dungeon
 30328 | D:15     | Found a staircase to the Depths.
 30856 | D:15     | Reached XP level 17. HP: 128/128 MP: 0/0
 30856 | D:15     | Learned a level 7 spell: Ozocubu's Refrigeration
 30857 | D:15     | Upgraded the game from 0.32-a0-872-g59262bdc9b to
                  | 0.32-a0-875-g23b751d0ae
 31077 | Snake:1  | Entered Level 1 of the Snake Pit
 31137 | Snake:1  | Found Poesoh's Firing Range.
 31461 | Snake:1  | Reached skill level 13 in Ice Magic
 31825 | Snake:1  | Found a runed translucent door.
 33011 | Snake:1  | Reached XP level 18. HP: 101/135 MP: 0/0
 33103 | Snake:1  | Identified the +0 dagger "Miwilu" {heavy, rElec rPois
                  | Will+}
 33417 | Snake:2  | Noticed Nikola
 33457 | Snake:2  | Killed Nikola
 33680 | Snake:2  | Noticed Vashnia
 33830 | Snake:2  | Killed Vashnia
 34567 | Snake:2  | Found Vulipoed's Tiny Tomes.
 34623 | Snake:2  | Reached skill level 14 in Ice Magic
 34796 | Snake:2  | Identified a scroll of acquirement
 34796 | Snake:2  | Acquired 852 gold pieces
 34926 | Snake:3  | Found Gowod's Assorted Antiques.
 35084 | Snake:3  | Upgraded the game from 0.32-a0-875-g23b751d0ae to
                  | 0.32-a0-876-gcfddb08e57
 35251 | Snake:3  | Bought a potion of curing for 72 gold pieces
 35964 | Snake:3  | Noticed Asterion
 35985 | Snake:3  | Killed Asterion
 36373 | Snake:3  | Found Huergh's Distillery.
 36419 | Snake:3  | Bought a potion of curing for 60 gold pieces
 36419 | Snake:3  | Bought a potion of resistance for 200 gold pieces
 36419 | Snake:3  | Bought a potion of mutation for 160 gold pieces
 36419 | Snake:3  | Bought a potion of mutation for 160 gold pieces
 36419 | Snake:3  | Bought a potion of curing for 60 gold pieces
 36419 | Snake:3  | Bought a potion of curing for 60 gold pieces
 36419 | Snake:3  | Bought a potion of might for 80 gold pieces
 36419 | Snake:3  | Bought 2 potions of curing for 120 gold pieces
 36532 | Snake:4  | Entered Level 4 of the Snake Pit
 36567 | Snake:4  | Reached skill level 15 in Fighting
 36631 | Snake:4  | Found a runed translucent gate.
 36632 | Snake:4  | Found a runed translucent gate.
 36632 | Snake:4  | Found a runed translucent gate.
 36633 | Snake:4  | Noticed whodunnit's ghost (adept MDMo)
 37254 | Snake:4  | Reached skill level 15 in Spellcasting
 37254 | Snake:4  | Reached skill level 15 in Conjurations
 37254 | Snake:4  | Reached skill level 15 in Hexes
 37254 | Snake:4  | Reached skill level 15 in Summonings
 37254 | Snake:4  | Reached skill level 15 in Necromancy
 37254 | Snake:4  | Reached skill level 15 in Translocations
 37254 | Snake:4  | Reached skill level 15 in Fire Magic
 37254 | Snake:4  | Reached skill level 15 in Ice Magic
 37254 | Snake:4  | Reached skill level 15 in Air Magic
 37254 | Snake:4  | Reached skill level 15 in Earth Magic
 37254 | Snake:4  | Reached skill level 15 in Alchemy
 38252 | Snake:4  | Reached XP level 19. HP: 128/143 MP: 0/0
 38252 | Snake:4  | Learned a level 6 spell: Conjure Ball Lightning
 39149 | Snake:4  | Reached skill level 16 in Ice Magic
 39566 | Snake:4  | Got a serpentine rune of Zot
 40025 | Snake:4  | Identified the ring "Huhohida" {^Contam rElec rPois Will+
                  | rCorr}
 40162 | Shoals:1 | Entered Level 1 of the Shoals
 40192 | Shoals:1 | Noticed Jorgrun
 40198 | Shoals:1 | Killed Jorgrun
 41691 | Shoals:1 | Found the +8 longbow "Zephyr" {speed, Dex+3 SInv}
 42601 | Shoals:2 | Reached XP level 20. HP: 88/153 MP: 0/0
 42604 | Shoals:2 | Reached skill level 17 in Ice Magic
 42817 | Shoals:2 | Identified the +2 morningstar of Frustration {venom, rCorr
                  | Int+2}
 43953 | Shoals:3 | Noticed Ilsuiw
 43961 | Shoals:3 | Killed Ilsuiw
 44148 | Shoals:3 | Found Diexza's Armour Emporium.
 44371 | Shoals:3 | Noticed Donald
 44373 | Shoals:3 | Killed Donald
 44536 | Shoals:3 | Identified the serpent talisman of Vehumet's Indignation
                  | {rC++ rN+ Int+5}
 44536 | Shoals:3 | Noticed Aizul
 44542 | Shoals:3 | Killed Aizul
 44775 | Shoals:3 | Found Xedeipt's Assorted Antiques.
 44879 | Shoals:3 | Acquired 529 gold pieces
 45443 | Shoals:3 | Found Raocen's Distillery.
 45456 | Shoals:3 | Bought a potion of curing for 39 gold pieces
 45456 | Shoals:3 | Bought a potion of heal wounds for 65 gold pieces
 45456 | Shoals:3 | Bought a potion of mutation for 104 gold pieces
 45476 | Shoals:3 | Found Xybyuck's Magic Scroll Shoppe.
 45632 | Shoals:3 | Bought a scroll of acquirement for 728 gold pieces
 45632 | Shoals:3 | Bought a scroll of blinking for 105 gold pieces
 45632 | Shoals:3 | Acquired 1126 gold pieces
 45648 | Shoals:3 | Found Lixoceh's Book Emporium.
 45914 | Shoals:3 | Bought a manual of Ice Magic for 1120 gold pieces
 45940 | Shoals:4 | Entered Level 4 of the Shoals
 46611 | Shoals:4 | Identified the +4 shortbow of Foqol {freeze, Dex+4 Stlth+}
 46720 | Shoals:4 | Reached skill level 18 in Ice Magic
 46931 | Shoals:4 | Reached skill level 5 in Dodging
 47029 | Shoals:4 | Identified the +6 flail of Destiny {flame, rN+ Will+ Dex+4}
 47175 | Shoals:4 | Reached XP level 21. HP: 149/161 MP: 0/0
 47175 | Shoals:4 | Learned a level 8 spell: Discord
 47359 | Shoals:4 | Got a barnacled rune of Zot
 47996 | Elf:1    | Entered Level 1 of the Elven Halls
 47996 | Elf:1    | Found a runed translucent gate.
 47996 | Elf:1    | Found a runed translucent gate.
 47996 | Elf:1    | Found a runed translucent gate.
 47996 | Elf:1    | Found a runed translucent gate.
 47996 | Elf:1    | Found a runed translucent gate.
 47996 | Elf:1    | Found a runed translucent gate.
 47997 | Elf:1    | Found a runed translucent door.
 48002 | Elf:1    | Found a runed translucent door.
 48604 | Elf:1    | Identified the +1 pair of boots of the Trilobite {rElec rF+
                  | Int-2 SInv}
 48691 | Elf:1    | Found Zizauh's Armour Emporium.
 48699 | Elf:1    | Bought a +1 helmet of see invisible for 247 gold pieces
 49010 | Elf:2    | Found a runed translucent gate.
 49010 | Elf:2    | Found a runed translucent gate.
 49013 | Elf:2    | Found a runed translucent gate.
 49016 | Elf:2    | Noticed Livuena's ghost (journeyman HOFi)
 49043 | Elf:2    | Found a viscous altar of Jiyva.
 49085 | Elf:2    | Paralysed by an air elemental for 1 turns
 49088 | Elf:2    | Reached skill level 19 in Ice Magic
 49433 | Elf:2    | Found a runed translucent gate.
 49433 | Elf:2    | Found a runed translucent gate.
 49434 | Elf:2    | Found a runed translucent gate.
 50300 | Elf:3    | Entered Level 3 of the Elven Halls
 50300 | Elf:3    | Found Jous's Overcharged Wands.
 50342 | Elf:3    | Noticed Ajyf's ghost (adept DgEE)
 50365 | Elf:3    | Found a runed translucent door.
 50675 | Elf:3    | Reached XP level 22. HP: 163/169 MP: 0/0
 50939 | Elf:3    | Reached skill level 20 in Ice Magic
 51010 | Elf:3    | Identified the +5 spear of the Shouting Traitor {vamp, rC+
                  | MP-9 Int+5}
 51056 | Elf:3    | Identified the +2 robe "Yhyerphi" {Rampage Will+}
 51274 | Elf:3    | Identified the ring "Yfor" {rPois rC+ EV+5 Str+4}
 51278 | Elf:3    | Identified the +4 hat of the Skies Above {Harm Will+}
 51294 | Elf:3    | Identified the +1 scale mail of the Lost Moons {rC++ Str-3
                  | Dex-2 SInv}
 51368 | Elf:3    | Identified the +2 cloak of Leapfrog {*Corrode rN+++ Regen+}
 51381 | Elf:3    | Identified the +0 plate armour of Valiance {Str+3}
 51465 | Elf:3    | Acquired a manual of Shields
 51467 | Elf:3    | Acquired 243 gold pieces
 51468 | Elf:3    | Acquired 341 gold pieces
 51806 | Vaults:1 | Entered Level 1 of the Vaults
 51989 | Vaults:1 | Identified the +1 scale mail "Ublarir" {+Blink rPois rC-
                  | rN+ Regen+}
 52016 | Vaults:1 | Found Elennuxi's Book Shoppe.
 52106 | Vaults:1 | Reached skill level 10 in Shields
 52439 | Vaults:1 | Reached skill level 10 in Armour
 52896 | Vaults:1 | Reached skill level 21 in Ice Magic
 53101 | Vaults:2 | Reached XP level 23. HP: 161/176 MP: 0/0
 53101 | Vaults:2 | Learned a level 8 spell: Maxwell's Capacitive Coupling
 53153 | Vaults:2 | Reached skill level 10 in Dodging
 53659 | Vaults:2 | Found a transporter.
 53659 | Vaults:2 | Noticed Faydane's ghost (veteran HuFi)
 53708 | Vaults:2 | Found a transporter.
 54114 | Vaults:2 | Noticed Norris
 54123 | Vaults:2 | Killed Norris
 54595 | Vaults:2 | Found a staircase to the Crypt.
 55068 | Vaults:3 | Found Tusayt's Weapon Shop.
 55174 | Vaults:3 | Found a runed translucent gate.
 55174 | Vaults:3 | Found a runed translucent gate.
 55174 | Vaults:3 | Found a runed translucent gate.
 55174 | Vaults:3 | Found the +3 greatsling "Punk" {acid, rCorr}
 55174 | Vaults:3 | Noticed Kenran's ghost (adept MiAl)
 55174 | Vaults:3 | Noticed Nornya's ghost (veteran MfSu)
 55174 | Vaults:3 | You are sucked into a shaft and drop 1 floor!
 55351 | Vaults:4 | Reached skill level 22 in Ice Magic
 55496 | Vaults:4 | Reached XP level 24. HP: 138/184 MP: 0/0
 56684 | Depths:1 | Entered Level 1 of the Depths
 56826 | Depths:1 | Found a gateway to Hell.
 56859 | Depths:1 | Acquired 1128 gold pieces
 57000 | Depths:1 | Found a one-way gate to the infinite horrors of the Abyss.
 57033 | Depths:1 | Found Vuilinn's General Store.
 57038 | Depths:1 | Bought a potion of curing for 63 gold pieces
 57038 | Depths:1 | Bought a potion of curing for 63 gold pieces
 57038 | Depths:1 | Bought 5 curare-tipped darts for 126 gold pieces
 57038 | Depths:1 | Bought a potion of resistance for 210 gold pieces
 57038 | Depths:1 | Bought a manual of Shields for 1680 gold pieces
 57112 | Depths:1 | Acquired a manual of Stealth
 57238 | Depths:1 | Found a portal to a secret trove of treasure.
 57821 | Depths:1 | Found a one-way gate leading to the halls of Pandemonium.
 57974 | Depths:2 | Noticed Saint Roka
 57977 | Depths:2 | Reached skill level 5 in Stealth
 57982 | Depths:2 | Killed Saint Roka
 58221 | Depths:2 | Reached XP level 25. HP: 127/193 MP: 0/0
 58221 | Depths:2 | Learned a level 9 spell: Death's Door
 58559 | Depths:2 | Found a shimmering altar of Xom.
 58755 | Depths:2 | Identified the +7 whip of Success {heavy, rCorr Int+3
                  | Dex-5}
 58970 | Depths:3 | Reached skill level 15 in Shields
 59063 | Depths:3 | Found a one-way gateway to a ziggurat.
 59437 | Depths:3 | Noticed Vv
 59448 | Depths:3 | Killed Vv
 59617 | Depths:3 | Reached skill level 10 in Stealth
 59858 | Depths:3 | Identified the +7 morningstar of Crusades {freeze, Will+
                  | Str+6}
 59955 | Depths:4 | Entered Level 4 of the Depths
 60225 | Depths:4 | Found a gate to the Realm of Zot.
 61323 | Vaults:5 | Entered Level 5 of the Vaults
 61349 | Vaults:5 | Identified the staff "Cavetoz" {rC+ rCorr Dex+3 Ice}
 61440 | Vaults:5 | Reached XP level 26. HP: 191/201 MP: 0/0
 61651 | Vaults:5 | Acquired a manual of Translocations
 61735 | Vaults:5 | Noticed a dread lich
 61746 | Vaults:5 | Killed a dread lich
 62044 | Vaults:5 | Found Xidauc Nae's Book Shoppe.
 62314 | Vaults:5 | Got a silver rune of Zot
 62703 | Vaults:5 | Identified the +7 lajatang of the Doomed Warrior {flame,
                  | rN+ rCorr MP-9 Str+3}
 63189 | Zot:1    | Entered Level 1 of the Realm of Zot
 63377 | Zot:1    | Identified the ring "Togosik" {Ice Slay+5}
 63377 | Zot:1    | Noticed Josephina
 63386 | Zot:1    | Killed Josephina
 63387 | Zot:1    | Reached skill level 15 in Stealth
 63387 | Zot:1    | Reached XP level 27. HP: 166/207 MP: 0/0
 63387 | Zot:1    | Learned a level 9 spell: Polar Vortex
 64491 | Zot:2    | Noticed a Killer Klown
 64496 | Zot:2    | Killed a Killer Klown
 64688 | Zot:2    | Reached skill level 23 in Ice Magic
 64881 | Zot:2    | Found a basalt altar of Yredelemnul.
 65374 | Zot:3    | Noticed an orb of fire
 65378 | Zot:3    | Killed an orb of fire
 65396 | Zot:3    | Found a transporter.
 65403 | Zot:3    | Noticed Visuc's ghost (master GrBe)
 65405 | Zot:3    | Noticed an ancient lich
 65567 | Zot:3    | Identified the +1 shortbow of the Riding Traitor {elec,
                  | Dex+6}
 65610 | Zot:3    | Identified the +4 chain mail of Daisies {Fly rElec}
 65760 | Zot:3    | Found a transporter.
 66244 | Zot:4    | Reached skill level 24 in Ice Magic
 66360 | Zot:4    | Found a runed translucent gate.
 66361 | Zot:4    | Found a runed translucent gate.
 66361 | Zot:4    | Found a runed translucent gate.
 66717 | Zot:4    | Noticed Kyph's ghost (legendary MiBe)
 66717 | Zot:4    | Noticed Jetoguma's ghost (legendary HuBe)
 66873 | Zot:4    | Noticed a Killer Klown
 66873 | Zot:4    | Identified the +0 robe of the Forgotten Emperors {rF+
                  | Will+}
 66873 | Zot:4    | Noticed a Killer Klown
 66876 | Zot:4    | Found a shimmering altar of Xom.
 66886 | Zot:4    | Killed a Killer Klown
 66889 | Zot:4    | Killed a Killer Klown
 66911 | Zot:4    | Found a shimmering altar of Xom.
 66911 | Zot:4    | Found a glowing silver altar of Zin.
 66912 | Zot:4    | Found a shimmering altar of Xom.
 66912 | Zot:4    | Found a shimmering altar of Xom.
 67053 | Zot:4    | Killed Jetoguma's ghost
 67058 | Zot:4    | Killed Kyph's ghost
 67112 | Zot:4    | Identified the +2 hat of Awuvvin {rN+ Dex+3}
 67162 | Zot:5    | Entered Level 5 of the Realm of Zot
 67413 | Zot:5    | Reached skill level 25 in Ice Magic
 67570 | Zot:5    | Noticed an ancient lich
 67584 | Zot:5    | Killed an ancient lich
 67671 | Zot:5    | Noticed an orb of fire
 67673 | Zot:5    | Noticed a dread lich
 67674 | Zot:5    | Gained mutation: You are weak. (Str -2) [an orb of fire]
 67679 | Zot:5    | Killed an orb of fire
 67684 | Zot:5    | Killed a dread lich
 68233 | Slime:1  | Entered Level 1 of the Pits of Slime
 68401 | Slime:5  | Entered Level 5 of the Pits of Slime
 68663 | Slime:5  | Noticed the Royal Jelly
 68675 | Slime:5  | Killed the Royal Jelly
 68714 | Slime:5  | Found the +6 arbalest "Damnation" {damnation}
 68714 | Slime:5  | Found the +3 pair of mountain boots {steadfast, rC+}
 68718 | Slime:5  | Found the amulet of Vitality {Regen++ RegenMP++}
 68719 | Slime:5  | Identified the ring "Guqisat" {Ice Dex+3}
 68759 | Slime:5  | Got a slimy rune of Zot
 69316 | Crypt:1  | Entered Level 1 of the Crypt
 69537 | Crypt:1  | Identified the +1 leather armour of the Harvest {rN+ rCorr
                  | Str+3}
 69558 | Crypt:1  | Reached skill level 15 in Invocations
 69955 | Crypt:1  | Noticed Xtahua
 70066 | Crypt:1  | Killed Xtahua
 70240 | Crypt:2  | Found a transporter.
 70395 | Crypt:2  | Found a transporter.
 70834 | Crypt:2  | Noticed a dread lich
 70837 | Crypt:2  | Paralysed by a Zot trap for 2 turns
 70841 | Crypt:2  | Killed a dread lich
 70859 | Crypt:2  | Identified the staff "Uschom" {rC+ Stlth+ Ice Air}
 70861 | Crypt:2  | Identified the amulet "Cyoliezy" {Spirit +Inv Will+}
 70869 | Crypt:2  | Identified the ring "Hyibawef" {Ice Dex+4}
 70900 | Crypt:3  | Entered Level 3 of the Crypt
 71454 | Crypt:3  | Identified the staff of Veusom {+Blink rN+ Str+3 Necro Air}
 71573 | Crypt:3  | Found a staircase to the Tomb.
 71582 | Crypt:3  | Reached skill level 1 in Shapeshifting
 71587 | Crypt:3  | Noticed a dread lich
 71592 | Crypt:3  | Killed a dread lich
 71612 | Crypt:3  | Identified the +5 sling of Wysehaun {heavy, rC+ rN+}
 72558 | Hell     | Entered the Vestibule of Hell
 72558 | Hell     | Noticed Geryon
 72562 | Hell     | Killed Geryon
 72565 | Hell     | Reached skill level 5 in Shapeshifting
 72708 | Hell     | Found a gateway to the decaying netherworld of Tartarus.
 72768 | Hell     | Found a gateway to the ashen valley of Gehenna.
 72830 | Hell     | Found a gateway to the freezing wastes of Cocytus.
 72878 | Hell     | Found a gateway to the Iron City of Dis.
 73044 | Depths:1 | Voluntarily entered the Abyss.
 73083 | Abyss:1  | Found a corrupted altar of Lugonu.
 73148 | Abyss:3  | Found a corrupted altar of Lugonu.
 73207 | Abyss:3  | Got an abyssal rune of Zot
 73235 | Depths:1 | Escaped the Abyss
 73300 | Pan      | Entered Pandemonium
 73429 | Pan      | Reached skill level 10 in Shapeshifting
 73468 | Pan      | Identified the +10 short sword of the Coward {flame, rF+
                  | rCorr}
 73662 | Pan      | Noticed Ignacio
 73666 | Pan      | Killed Ignacio
 73805 | Pan      | Noticed Qaufistr Zeve the pandemonium lord
 73823 | Pan      | Killed Qaufistr Zeve the pandemonium lord
 73827 | Pan      | Found a burning altar of Makhleb.
 73847 | Pan      | HP: 5/212 [Hell Sentinel/damnation (42)]
 73941 | Pan      | Found a runed translucent door.
 73954 | Pan      | Got a demonic rune of Zot
 73978 | Pan      | Lost mutation: You are weak. (Str -2) [potion of mutation]
 73978 | Pan      | Gained mutation: You are partially covered in iridescent
                  | scales. (AC +2) [potion of mutation]
 73978 | Pan      | Gained mutation: You are frail. (-10% HP) [potion of
                  | mutation]
 73979 | Pan      | Lost mutation: You are partially covered in iridescent
                  | scales. (AC +2) [potion of mutation]
 73979 | Pan      | Lost mutation: You are frail. (-10% HP) [potion of
                  | mutation]
 73979 | Pan      | Gained mutation: Your flesh is almost immune to the effects
                  | of heat. (rF+++) [potion of mutation]
 73979 | Pan      | Gained mutation: You are partially covered in iridescent
                  | scales. (AC +2) [potion of mutation]
 74018 | Pan      | Noticed Mennas
 74025 | Pan      | Killed Mennas
 74270 | Pan      | Noticed Tyoheqog the pandemonium lord
 74298 | Pan      | Entered the realm of Lom Lobon.
 74845 | Pan      | Noticed Lom Lobon
 74849 | Pan      | Killed Lom Lobon
 74927 | Pan      | Got a magical rune of Zot
 75071 | Pan      | Entered the realm of Mnoleg.
 75091 | Pan      | Found an exit through the horrors of the Abyss.
 75215 | Pan      | Reached skill level 15 in Shapeshifting
 75392 | Pan      | Noticed Mnoleg
 75409 | Pan      | Gained mutation: You are frail. (-10% HP) [a shining eye]
 75494 | Pan      | Killed Mnoleg
 75500 | Pan      | Lost mutation: You are partially covered in iridescent
                  | scales. (AC +2) [potion of mutation]
 75500 | Pan      | Lost mutation: Your flesh is almost immune to the effects
                  | of heat. (rF+++) [potion of mutation]
 75500 | Pan      | Lost mutation: You are frail. (-10% HP) [potion of
                  | mutation]
 75500 | Pan      | Gained mutation: Your flesh is almost immune to the effects
                  | of heat. (rF+++) [potion of mutation]
 75500 | Pan      | Gained mutation: Your spells are a little harder to cast,
                  | but a little more powerful. [potion of mutation]
 75551 | Pan      | Got a glowing rune of Zot
 75606 | Pan      | Entered the realm of Cerebov.
 75731 | Pan      | Found an exit through the horrors of the Abyss.
 75899 | Pan      | Found the +6 sword of Cerebov {flame}
 75899 | Pan      | Noticed Cerebov
 76047 | Pan      | Killed Cerebov
 76064 | Pan      | Got a fiery rune of Zot
 76186 | Pan      | Entered the realm of Gloorx Vloq.
 76266 | Pan      | Identified the +3 scimitar of the Pyrrhic Victory {vamp,
                  | Fly rF- Dex+4}
 76502 | Pan      | Noticed Gloorx Vloq
 76582 | Pan      | Killed Gloorx Vloq
 76679 | Pan      | Got a dark rune of Zot
 77553 | Pan      | Noticed a dread lich
 77553 | Pan      | Noticed a dread lich
 77574 | Pan      | Gained mutation: You occasionally lose the ability to drink
                  | potions when taking damage. [a cacodemon]
 77712 | Pan      | Found Pinymoab's Fine Accessories.
 77712 | Pan      | Killed a dread lich
 77719 | Pan      | Killed a dread lich
 77722 | Pan      | Found an opulent altar of Gozag.
 77735 | Pan      | Found an opulent altar of Gozag.
 77735 | Pan      | Found Pinymoab's Quality Elixirs.
 77737 | Pan      | Noticed a dread lich
 77741 | Pan      | Noticed Pinymoab the pandemonium lord
 77742 | Pan      | Killed a dread lich
 77748 | Pan      | Killed Pinymoab the pandemonium lord
 77821 | Pan      | Found Pinymoab's Infernal Boutique.
 77833 | Pan      | Found an opulent altar of Gozag.
 77843 | Pan      | Found Pinymoab's Rarities Outlet.
 77850 | Pan      | Bought a potion of heal wounds for 80 gold pieces
 77850 | Pan      | Bought a potion of mutation for 128 gold pieces
 77850 | Pan      | Bought a potion of invisibility for 128 gold pieces
 77850 | Pan      | Bought a potion of might for 64 gold pieces
 77856 | Pan      | Bought the +0 pair of gloves "Xant" {Fly rF+ Str+3} for 376
                  | gold pieces
 77869 | Depths:1 | Escaped Pandemonium
 77928 | Geh:1    | Entered Level 1 of Gehenna
 79340 | Geh:7    | Entered Level 7 of Gehenna
 79940 | Geh:7    | Identified the ring of Vanity {rF+ rCorr Int+6 Stlth+}
 80000 | Geh:7    | Found the +13 sceptre of Asmodeus
 80000 | Geh:7    | Noticed Asmodeus
 80011 | Geh:7    | Killed Asmodeus
 80012 | Geh:7    | Reached skill level 26 in Ice Magic
 80096 | Geh:7    | Got an obsidian rune of Zot
 80242 | Coc:1    | Entered Level 1 of Cocytus
 80549 | Coc:3    | Noticed a shard shrike
 80744 | Coc:7    | Entered Level 7 of Cocytus
 80791 | Coc:7    | Reached skill level 15 in Dodging
 81067 | Coc:7    | Noticed a shard shrike
 81149 | Coc:7    | Noticed Antaeus
 81149 | Coc:7    | Noticed a shard shrike
 81149 | Coc:7    | Noticed a shard shrike
 81149 | Coc:7    | Noticed a shard shrike
 81152 | Coc:7    | Killed a shard shrike
 81154 | Coc:7    | Killed a shard shrike
 81154 | Coc:7    | Killed a shard shrike
 81164 | Coc:7    | Killed Antaeus
 81165 | Coc:7    | Reached skill level 15 in Armour
 81176 | Coc:7    | Got an icy rune of Zot
 81188 | Coc:7    | Killed a shard shrike
 81249 | Tar:1    | Entered Level 1 of Tartarus
 81330 | Tar:2    | You are sucked into a shaft and drop 2 floors!
 81416 | Tar:5    | Noticed a dread lich
 81428 | Tar:5    | Killed a dread lich
 81583 | Tar:7    | Entered Level 7 of Tartarus
 81584 | Tar:7    | Noticed an ancient lich
 81590 | Tar:7    | Killed an ancient lich
 81816 | Tar:7    | Killed from afar by a Tzitzimitl

Illustrated notes

Levels and vault maps discovered:
D:1:      co_arrival_square_in_a_square_in_a_square, layout_loops_corners
D:2:      layout_loops_ring, uniq_robin
D:3:      layout_loops_ring, kennysheep_slug_shrine, serial_forest,
          infiniplex_forest_end_2, infiniplex_forest_3_way,
          infiniplex_forest_corner_1, infiniplex_forest_fountain,
          infiniplex_forest_lined_2, infiniplex_forest_lined_3,
          infiniplex_forest_clump_diagonal, infiniplex_forest_clump_large,
          infiniplex_forest_end_3, kennysheep_big_empty_room, uniq_grinder,
          uniq_ijyb
D:4:      layout_basic, grunt_dithmenos_smoke_and_mirrors
D:5:      layout_gridville, mainiacjoe_overflow_chevrons, temple_doors_cd,
          uniq_prince_ribbit1
D:6:      layout_basic, hangedman_abyss_or_decor_slice, uniq_eustachio
D:7:      layout_gridville, vehumet_statue, serial_rivers,
          chequers_serial_rivers_large_a, chequers_serial_rivers_large_b,
          chequers_serial_rivers_small_3, chequers_serial_rivers_micro_e,
          enter_ossuary_3
D:8:      layout_rooms, mainiacjoe_overflow_alcove_4,
          grunt_lair_entry_orc_guard_hut, uniq_jeremiah
D:9:      layout_basic, grunt_temple_overflow_diamond, minmay_misc_feat_hallway
D:10:     layout_gridville, lemuel_tele_altar, serial_shops,
          nicolae_shop_waterfront, serial_park_tiny_pond,
          serial_library_hellmonk_room_c, minmay_misc_feat_pillars,
          nicolae_zen_rock_garden
D:11:     layout_small_grid, minmay_tree_intersection,
          nicolae_tso_carved_into_rock, uniq_gastronok
D:12:     layout_irregular_city
D:13:     layout_basic, portal_ice_cave_entry_ice_simulacra, serial_shops,
          nicolae_shop_tiny_glass, serial_aquarium, aquarium_bridge_square
          [aquarium_subvault_wall, aquarium_subvault_bridge,
          aquarium_subvault_bridge, aquarium_subvault_wall],
          aquarium_window_fake, aquarium_window_fake, aquarium_window_1,
          aquarium_view_2a, aquarium_view_2b, corexii_checkpoint
D:14:     layout_big_octagon, david_vaults_2, muffindrake_ghost_dual_entry,
          kennysheep_cross_bottleneck
D:15:     grunt_enter_depths_magical_seal, layout_loops_cross, serial_glass,
          glass_columns_a, glass_columns_a, item_on_display_a, feat_on_display,
          minmay_strange_pillars, due_unseen_surprise
Lair:1:   layout_hall_layers, serial_bayou_shore_a, grunt_megastairs_3
Lair:2:   layout_concentric_octagons, minmay_shoals_entry_hut, uniq_fannar
Lair:3:   layout_chaotic_city, minmay_snake_entry_six_corridors
Lair:4:   layout_regular_city
Lair:5:   hangedman_lair_in_review, layout_gridlike,
          hangedman_lair_caniforms_friends, slime_entry_1,
          gauntlet_entry_generic
Shoals:1: layout_shoals, nicolae_shoals_enchanted_isle, uniq_jorgrun
Shoals:2: layout_shoals, nicolae_shoals_flooded_hall
Shoals:3: layout_shoals, serial_shops, shop, nicolae_shop_waterfront,
          nicolae_shop_rolling_square, nicolae_shop_stone, nicolae_shop_stone,
          nicolae_shoals_circle_sea_wall, uniq_ilsuiw, uniq_donald, uniq_aizul
Shoals:4: shoals_end_grunt_ice, layout_shoals, nicolae_shoals_pincushion_passage
Snake:1:  cheibrodos_toxic_ritual, layout_layer_cave, grunt_ministairs_15,
          drop_trap, nicolae_snake_double_loop, nicolae_shop_firing_range
Snake:2:  layout_onion, nicolae_shop_i_like_small_books_too, uniq_nikola,
          uniq_vashnia
Snake:3:  layout_misc_corridors, serial_shops, shop, minmay_shop_star,
          uniq_asterion
Snake:4:  snake_pit_salamanders_mu, layout_gridlike, gammafunk_ghost_necromancy,
          serial_bayou_pond_d, nrook_loot_triangle
Slime:1:  layout_caves, nicolae_slime_ancient_tower_intersection
Slime:2:  layout_caves, cheibrodos_slime_lost_civilization_4
Slime:3:  layout_caves
Slime:4:  layout_caves
Slime:5:  slime_pit_nicolae_royal_road_to_ruin
Orc:1:    layout_caves
Orc:2:    st_orc_elflike, layout_diamond_mine, serial_shops,
          nicolae_shop_real_fake_doors, nicolae_orc_bridge_out, uniq_erolcha
Elf:1:    nicolae_elf_arrival_dilemma, layout_gridlike, serial_shops, shop,
          kb_rosetta
Elf:2:    nicolae_elf_blades_splatter_lattice
          [nicolae_blade_entry_crossed_weapons], layout_geoelf_diagonals,
          gammafunk_ghost_ooze
Elf:3:    minmay_elf_hall_spiked, layout_geoelf_diagonals,
          hellmonk_ghost_big_iron, nicolae_shop_overcharged_wands
Vaults:1: nicolae_vaults_storage_closets_3, nicolae_vaults_closet_pinwheel_6,
          grunt_vaults_diagonal, v_alt_pattern_1, nicolae_vaults_meiosis,
          nicolae_vaults_loss_of_containment, nicolae_vaults_trapezoid_2,
          v_misc_5, ontoclasm_vaults_chip, nicolae_vaults_specimen_jars,
          nicolae_vaults_wrenched, v_misc_17, vaults_mumra_lcd,
          layout_vaults_omnibox, serial_shops, nicolae_lakefront_shop
Vaults:2: gammafunk_ghost_mausoleum, nicolae_vaults_tangram_1,
          nicolae_vaults_network_quinsquares
          [nicolae_vaults_network_quincunx_subvault,
          nicolae_vaults_network_quincunx_subvault,
          nicolae_vaults_network_quincunx_subvault,
          nicolae_vaults_network_quincunx_subvault], grunt_vaults_funnel,
          nicolae_vaults_ellipses_ellipsis, nicolae_vaults_stepped_doors,
          grunt_vaults_hallway_short, ontoclasm_vaults_decontamination,
          hangedman_vaults_river_flow, minmay_crypt_entry_skeletal_spiral,
          nicolae_vaults_closet_pinwheel_1, nicolae_vaults_little_squares_3,
          grunt_vaults_focal, nicolae_vaults_house_1, layout_vaults_ring,
          uniq_norris
Vaults:3: gammafunk_ghost_cemetery, v_misc_23, blackcustard_rock_pile,
          nicolae_vaults_weapon_check, v_misc_26, v_rooms_6, v_misc_9,
          v_alt_pattern_2, nicolae_vaults_big_ls, v_misc_15, v_misc_14,
          nicolae_vaults_trapezoid_layered, layout_vaults_maze, serial_shops,
          nicolae_shop_tiny_real_fake_doors, shop, uniq_mara
Vaults:4: dpeg_vaults_monster_row, ontoclasm_vaults_gallery, v_misc_30,
          nicolae_vaults_heist, vaults_room_door_ring, vaults_mumra_hexcomb,
          nicolae_vaults_ring_of_whatevers, nicolae_vaults_trapezoid_layered,
          layout_vaults_omnigrid
Vaults:5
Crypt:1:  layout_regular_city, uniq_xtahua
Crypt:2:  gammafunk_its_a_trap, layout_regular_city
Crypt:3:  quadcrypt_mu
Depths:1: layout_gridlike, grunt_pan_entry_sceptre, abyss_entry, hellmouth_3,
          serial_shops, nicolae_shop_hallway_plus, enter_trove_5,
          grunt_decor_clamped, st_stairs_2, drop_trap,
          minmay_misc_feat_more_columns, kennysheep_windowed_goal
Depths:2: kennysheep_ambush_hall, layout_cave_shapes, xom_teletrap_fun,
          rand_demon_pan_entry_8, pf_hell_entry_tar_river, minislime_mu,
          infiniplex_staircase_hallway_doors, uniq_saint_roka
Depths:3: minmay_ambush_box, layout_gridlike, enter_ziggurat_c, hell_entry,
          rand_demon_pan_entry_1, minmay_strange_pillars, abyss_entry_crystal,
          uniq_vv
Depths:4: grunt_x_marks_the_spot, layout_cave_shapes, pf_coc_iceberg,
          abyss_entry
Hell
Geh:1:    layout_gehenna_pools_box, lemuel_hellish_altar
Geh:2:    nicolae_geh_split_lavaduct, layout_gehenna_lava_caves
Geh:3:    layout_gehenna_lava_caves
Geh:4:    layout_gehenna_lava_caves, nicolae_hells_fiendish_ambush
Geh:5:    layout_gehenna_pools_box
Geh:6:    layout_gehenna_pools_triple
Geh:7:    geh_grunt
Coc:1:    layout_cocytus_delve
Coc:2:    layout_cocytus_delve
Coc:3:    nicolae_coc_on_the_berg
Coc:4:    layout_cocytus_water_paths
Coc:5:    layout_ice_bergs, serial_ice, serial_ice_a, serial_ice_c, serial_ice_d
Coc:6:    layout_cocytus_water_paths
Coc:7:    coc_dpeg
Tar:1:    layout_catacombs, nicolae_hells_hurtin_island
Tar:2:    layout_grid_maze
Tar:4:    layout_cathedral_of_symmetry
Tar:5:    layout_catacombs, evilmike_ambush [evilmike_ambush_outer_basic,
          evilmike_ambush_inner_basic]
Tar:6:    layout_catacombs
Tar:7:    tar_mu [tar_mu_maze]
Zot:1:    layout_gridlike, hangedman_zot_gyre, uniq_josephina
Zot:2:    nicolae_zot_draconian_monastery, layout_basic
Zot:3:    layout_cathedral_of_symmetry, nzn_ghost_randoct
Zot:4:    dreamdust_zin_vs_xom, layout_gridlike, gammafunk_ghost_cemetery,
          nicolae_zig_zag_zippers
Zot:5:    layout_basic

Skill      XL: |  1  2  3  4  5  6  7  8  9 10 11 12 13 14 15 16 17 18 19 20 21 22 23 24 25 26 27 |
---------------+----------------------------------------------------------------------------------+-----
Spellcasting   | 4 5 6 8 9 11 12 13 15 16 17 18 19 20 22 | 22.3
Conjurations   | 4 5 6 8 9 11 12 13 15 16 17 18 19 20 22 | 22.3
Hexes          | 4 5 6 8 9 11 12 13 15 16 17 18 19 20 22 | 22.3
Summonings     | 4 5 6 8 9 11 12 13 15 16 17 18 19 20 22 | 22.3
Necromancy     | 4 5 6 8 9 11 12 13 15 16 17 18 19 20 22 | 22.3
Translocations | 4 5 6 8 9 11 12 13 15 16 17 18 19 20 24 | 24.1
Fire Magic     | 4 5 6 8 9 11 12 13 15 16 17 18 19 20 22 | 22.3
Ice Magic      | 4 5 6 8 9 11 12 13 15 16 18 19 21 22 26 | 26.0
Air Magic      | 4 5 6 8 9 11 12 13 15 16 17 18 19 20 22 | 22.3
Earth Magic    | 4 5 6 8 9 11 12 13 15 16 17 18 19 20 22 | 22.3
Alchemy        | 4 5 6 8 9 11 12 13 15 16 17 18 19 20 22 | 22.3
Fighting       | 1 2 3 4 5 7 9 11 12 13 14 15 16 17 18 19 20 24 | 24.8
Evocations     | 4 |  4.0
Invocations    | 1 7 10 13 17 | 17.5
Shields        | 3 7 9 10 12 14 16 20 | 20.3
Armour         | 3 5 6 8 10 11 12 13 16 | 16.3
Polearms       | 6 11 12 | 12.0
Dodging        | 5 8 9 11 12 13 17 | 17.0
Stealth        | 6 11 15 16 | 16.2
Shapeshifting  | 23 | 23.2

Action                     |  1- 3 |  4- 6 |  7- 9 | 10-12 | 13-15 | 16-18 | 19-21 | 22-24 | 25-27 || total
---------------------------+-------+-------+-------+-------+-------+-------+-------+-------+-------++-------
  Melee: Short sword       |     1 |       |       |       |       |       |       |       |       ||     1
         Dagger            |       |     9 |     9 |    13 |       |       |       |       |       ||    31
         Trident           |       |       |       |    39 |     9 |       |       |       |       ||    48
         Lance             |       |       |       |       |    77 |   358 |   369 |   357 |  1494 ||  2655
   Cast: Foxfire           |    19 |    15 |    34 |    39 |     2 |       |       |       |       ||   109
         Scorch            |    42 |    66 |   147 |   174 |   132 |    11 |     3 |       |     1 ||   576
         Dazzling Flash    |       |       |       |     3 |       |       |       |       |       ||     3
         Ozocubu's Armour  |       |       |       |     1 |       |       |       |       |       ||     1
         Airstrike         |       |       |       |   122 |   346 |   306 |   121 |    66 |   349 ||  1310
         Flame Wave        |       |       |       |    11 |    21 |     4 |       |       |       ||    36
         Arcjolt           |       |       |       |       |    55 |    49 |       |       |   128 ||   232
         Sculpt Simulacrum |       |       |       |       |       |     7 |       |       |       ||     7
         Ozocubu's Refrige |       |       |       |       |       |    40 |   385 |   463 |  1068 ||  1956
         Conjure Ball Ligh |       |       |       |       |       |       |     5 |       |       ||     5
         Maxwell's Capacit |       |       |       |       |       |       |       |     4 |    16 ||    20
         Polar Vortex      |       |       |       |       |       |       |       |       |   131 ||   131
 Invoke: Slouch            |       |       |       |       |     5 |       |     1 |       |     4 ||    10
         Step From Time    |       |       |       |       |       |       |     1 |       |     5 ||     6
  Evoke: Wand              |       |     1 |     3 |    13 |     3 |     2 |       |       |     3 ||    25
    Use: Scroll            |       |       |     7 |    11 |     7 |     6 |    13 |    11 |    22 ||    77
         Potion            |       |       |     1 |     3 |     1 |     8 |     6 |     1 |    11 ||    31
   Stab: Paralysed         |       |     7 |       |       |       |       |       |       |       ||     7
         Invisible         |       |       |     3 |     1 |       |     2 |       |       |       ||     6
         Distracted        |       |       |       |       |     1 |     3 |       |       |    13 ||    17
         Sleeping          |       |       |       |       |       |       |       |     1 |    18 ||    19
 Armour: Robe              |    13 |    29 |    41 |       |       |       |       |       |       ||    83
         Ring mail         |       |       |    10 |    71 |    16 |       |       |       |       ||    97
         Scale mail        |       |       |       |    30 |   107 |       |       |       |       ||   137
         Ice dragon scales |       |       |       |       |    22 |   184 |   245 |   127 |   987 ||  1565
  Dodge: Dodged            |    20 |    28 |    52 |   111 |   102 |    50 |    90 |   112 |   893 ||  1458
  Block: Other             |       |       |     9 |    22 |       |       |       |       |       ||    31
         Reflection        |       |       |       |     2 |    32 |    62 |    65 |    20 |    62 ||   243
         Kite shield       |       |       |       |    64 |   337 |   372 |   299 |   211 |  1391 ||  2674
   Form: Death             |       |       |       |       |       |       |       |       |     1 ||     1

Table legend: (Time is in decaauts)
 A = Elapsed time spent in this place.
 B = Non-inter-level travel time spent in this place.
 C = Inter-level travel time spent in this place.
 D = Time resting spent in this place.
 E = Time spent auto-exploring this place.
 F = Levels seen in this place.
 G = Mean time per level.
                   A        B        C        D        E       F      G
               +--------+--------+--------+--------+--------+-----+--------+
         Total | 120817 | 110660 |  10157 |   7051 |  80691 |  94 | 1285.3 |
       Dungeon |  24788 |  21991 |   2797 |   1417 |  17835 |  15 | 1652.5 |
          Lair |  14236 |  13185 |   1051 |    983 |  10779 |   5 | 2847.2 |
        Shoals |   9691 |   9284 |    407 |    693 |   7565 |   4 | 2422.8 |
     Snake Pit |  12485 |  12205 |    280 |   1683 |   9079 |   4 | 3121.2 |
    Slime Pits |   1258 |    985 |    273 |     27 |    438 |   5 |  251.6 |
  Orcish Mines |   3639 |   3362 |    277 |     16 |   2874 |   2 | 1819.5 |
   Elven Halls |   5603 |   5344 |    259 |    344 |   3850 |   3 | 1867.7 |
        Vaults |  11453 |   9751 |   1702 |    237 |   7659 |   5 | 2290.6 |
         Crypt |   5224 |   4892 |    332 |    100 |   3833 |   3 | 1741.3 |
        Depths |   8121 |   6770 |   1351 |     46 |   5677 |   4 | 2030.2 |
          Hell |    910 |    680 |    230 |      0 |    532 |   1 |  910.0 |
       Gehenna |   3721 |   3382 |    339 |    140 |   1949 |   7 |  531.6 |
       Cocytus |   1308 |   1272 |     36 |     92 |    192 |   7 |  186.9 |
      Tartarus |    823 |    823 |      0 |     52 |    260 |   6 |  137.2 |
           Zot |   7767 |   6951 |    816 |     61 |   5429 |   5 | 1553.4 |
         Abyss |    338 |    338 |      0 |      0 |    112 |   3 |  112.7 |
   Pandemonium |   7207 |   7207 |      0 |    520 |   1648 |  12 |  600.6 |
       Ossuary |    714 |    714 |      0 |    241 |    288 |   1 |  714.0 |
      Ice Cave |    798 |    798 |      0 |    223 |    336 |   1 |  798.0 |
      Gauntlet |    726 |    726 |      0 |    175 |    355 |   1 |  726.0 |
               +--------+--------+--------+--------+--------+-----+--------+

Top non-repeatable levels by time:
 Snake:4: 4363 daAuts
  Lair:5: 3875 daAuts
 Snake:1: 3401 daAuts
Vaults:2: 3186 daAuts
  Lair:1: 3042 daAuts
 Snake:2: 2787 daAuts
  Lair:2: 2783 daAuts
   Orc:2: 2742 daAuts
Shoals:2: 2727 daAuts
    D:14: 2646 daAuts
Shoals:3: 2631 daAuts
Depths:1: 2629 daAuts
Vaults:4: 2518 daAuts
Vaults:1: 2436 daAuts
     D:9: 2424 daAuts
